| TOP OF THE 1ST |
|
Reading Fightin Phils batting - Pitching for Pensacola Blue Wahoos : LHP Mark Sandoval
|
|
Pitching: LHP Mark Sandoval
|
|
|
Batting: RHB Alberto Ramirez
|
0-0: Ground out U3 (Groundball, 3, EV 95.6 MPH)
|
|
Batting: RHB Chris Myers
|
0-0: Ground out 5-3 (Groundball, 5, EV 98.1 MPH)
|
|
Batting: RHB Greg Herzig
|
0-0: Called Strike 0-1: Ball 1-1: Called Strike 1-2: Ball 2-2: Foul Ball, location: 2F 2-2: Ball 3-2: Fly out, F9 (Flyball, 9LD, EV 85.0 MPH)
|
| Top of the 1st over - 0 runs, 0 hits, 0 errors, 0 left on base; Reading 0 - Pensacola 0 |
| BOTTOM OF THE 1ST |
|
Pensacola Blue Wahoos batting - Pitching for Reading Fightin Phils : LHP Tim Lawson
|
|
Pitching: LHP Tim Lawson
|
|
|
Batting: RHB Solange Le Coq
|
0-0: Ball 1-0: Ball 2-0: DOUBLE (Flyball, 8RXD, EV 110.0 MPH)
|
|
Batting: RHB Kevin Wick
|
0-0: Ball 1-0: Ground out 5-3 (Groundball, 56S, EV 90.6 MPH)
|
|
Batting: LHB Jamie Spangenberg
|
0-0: Ball 1-0: Ground out 1-3 (Groundball, P, EV 73.1 MPH) Solange Le Coq to third
|
|
Batting: RHB Jonathan Robies
|
0-0: Ball 1-0: Swinging Strike 1-1: Foul Ball, location: 2F 1-2: Ball 2-2: Ball 3-2: Ground out 6-3 (Groundball, 6S, EV 71.2 MPH)
|
| Bottom of the 1st over - 0 runs, 1 hit, 0 errors, 1 left on base; Reading 0 - Pensacola 0 |
| TOP OF THE 2ND |
|
Reading Fightin Phils batting - Pitching for Pensacola Blue Wahoos : LHP Mark Sandoval
|
|
Batting: RHB Victor Arroyo
|
0-0: Ball 1-0: Foul Ball, location: 2F 1-1: Foul Ball, location: 2F 1-2: Ball 2-2: Hit by Pitch
|
|
Batting: RHB Guan-pei Gao
|
0-0: Foul Ball, location: 2F 0-1: Fly out, F8 (Flyball, 89S, EV 91.2 MPH)
|
|
Batting: RHB David Clough
|
0-0: Swinging Strike 0-1: Swinging Strike 0-2: Ball 1-2: Ball 2-2: Foul Ball, location: 2F 2-2: Foul Ball, location: 2F 2-2: Ball 3-2: Strikes out looking
|
|
Batting: RHB Mike Meeker
|
0-0: Ball 1-0: Ball 2-0: Ball 3-0: Base on Balls Victor Arroyo to second
|
|
Batting: RHB Jake Cox
|
0-0: Ball 1-0: Called Strike 1-1: Called Strike 1-2: Ball 2-2: Foul Ball, location: 2F 2-2: Ball 3-2: Base on Balls Victor Arroyo to third Mike Meeker to second
|
|
Batting: RHB Mike Bell
|
0-0: Ball Balk! Victor Arroyo scores Mike Meeker to third Jake Cox to second 1-0: Swinging Strike 1-1: Called Strike 1-2: Ball 2-2: Foul Ball, location: 2F 2-2: Strikes out swinging
|
| Top of the 2nd over - 1 run, 0 hits, 0 errors, 2 left on base; Reading 1 - Pensacola 0 |
| BOTTOM OF THE 2ND |
|
Pensacola Blue Wahoos batting - Pitching for Reading Fightin Phils : LHP Tim Lawson
|
|
Batting: RHB Jose Nunez
|
0-0: Called Strike 0-1: Called Strike 0-2: Strikes out looking
|
|
Batting: RHB Mark Williams
|
0-0: SINGLE (Line Drive, 7LS, EV 111.9 MPH)
|
|
Batting: LHB John Wagner
|
0-0: Called Strike 0-1: Foul Ball, location: 2F 0-2: Ball 1-2: Ball 2-2: Fly out, F7 (Flyball, 7, EV 96.2 MPH)
|
|
Batting: RHB Dinand Brouwer
|
0-0: Called Strike 0-1: Ground out 1-3 (Groundball, 13S, EV 71.2 MPH)
|
| Bottom of the 2nd over - 0 runs, 1 hit, 0 errors, 1 left on base; Reading 1 - Pensacola 0 |
| TOP OF THE 3RD |
|
Reading Fightin Phils batting - Pitching for Pensacola Blue Wahoos : LHP Mark Sandoval
|
|
Batting: RHB Alberto Ramirez
|
0-0: Ground out 4-3 (Groundball, 4, EV 109.4 MPH)
|
|
Batting: RHB Chris Myers
|
0-0: Called Strike 0-1: Ball 1-1: Foul Ball, location: 2F 1-2: Strikes out swinging
|
|
Batting: RHB Greg Herzig
|
0-0: Foul Ball, location: 2F 0-1: Ball 1-1: Swinging Strike 1-2: Foul Ball, location: 2F 1-2: Foul Ball, location: 2F 1-2: Ball 2-2: Strikes out swinging
|
| Top of the 3rd over - 0 runs, 0 hits, 0 errors, 0 left on base; Reading 1 - Pensacola 0 |
| BOTTOM OF THE 3RD |
|
Pensacola Blue Wahoos batting - Pitching for Reading Fightin Phils : LHP Tim Lawson
|
|
Batting: RHB Ryan Short
|
0-0: Ground out 5-3 (Groundball, 5L, EV 84.4 MPH)
|
|
Batting: RHB Solange Le Coq
|
0-0: Ball 1-0: SINGLE (Groundball, 4MD, EV 98.1 MPH)
|
|
Batting: RHB Kevin Wick
|
0-0: Called Strike 0-1: Ball Wild Pitch! Solange Le Coq to second 1-1: Ball 2-1: Called Strike 2-2: Foul Ball, location: 2F 2-2: Foul Ball, location: 2F 2-2: Ball 3-2: Base on Balls
|
|
Batting: LHB Jamie Spangenberg
|
0-0: Foul Ball, location: 2F 0-1: Ball 1-1: Foul Ball, location: 2F 1-2: Ball 2-2: Grounds into double play, 6-4-3 (Groundball, 6, EV 101.2 MPH)
|
| Bottom of the 3rd over - 0 runs, 1 hit, 0 errors, 1 left on base; Reading 1 - Pensacola 0 |
| TOP OF THE 4TH |
|
Reading Fightin Phils batting - Pitching for Pensacola Blue Wahoos : LHP Mark Sandoval
|
|
Batting: RHB Victor Arroyo
|
0-0: Called Strike 0-1: Ball 1-1: Ball 2-1: Called Strike 2-2: Ball 3-2: Ground out 4-3 (Groundball, 4, EV 96.9 MPH)
|
|
Batting: RHB Guan-pei Gao
|
0-0: Swinging Strike 0-1: Ball 1-1: Ball 2-1: Swinging Strike 2-2: Fly out, F7 (Line Drive, 78M, EV 104.4 MPH)
|
|
Batting: RHB David Clough
|
0-0: Called Strike 0-1: Ground out U3 (Groundball, 34, EV 79.4 MPH)
|
| Top of the 4th over - 0 runs, 0 hits, 0 errors, 0 left on base; Reading 1 - Pensacola 0 |
| BOTTOM OF THE 4TH |
|
Pensacola Blue Wahoos batting - Pitching for Reading Fightin Phils : LHP Tim Lawson
|
|
Batting: RHB Jonathan Robies
|
0-0: Foul Ball, location: 2F 0-1: Fly out, F9 (Flyball, 9LS, EV 78.8 MPH)
|
|
Batting: RHB Jose Nunez
|
0-0: Foul Ball, location: 2F 0-1: Ball 1-1: Called Strike 1-2: Ball 2-2: Foul Ball, location: 2F 2-2: Ground out 1-3 (Groundball, 13S, EV 63.1 MPH)
|
|
Batting: RHB Mark Williams
|
0-0: Ball 1-0: Ground out 1-3 (Groundball, 34S, EV 58.1 MPH)
|
| Bottom of the 4th over - 0 runs, 0 hits, 0 errors, 0 left on base; Reading 1 - Pensacola 0 |
| TOP OF THE 5TH |
|
Reading Fightin Phils batting - Pitching for Pensacola Blue Wahoos : LHP Mark Sandoval
|
|
Batting: RHB Mike Meeker
|
0-0: Ball 1-0: Called Strike 1-1: Ground out 5-3 (Groundball, 5, EV 90.6 MPH)
|
|
Batting: RHB Jake Cox
|
0-0: Called Strike 0-1: Called Strike 0-2: Foul Ball, location: 2F 0-2: Ball 1-2: Ball 2-2: Ground out 6-3 (Groundball, 6, EV 81.2 MPH)
|
|
Batting: RHB Mike Bell
|
0-0: Foul Ball, location: 2F 0-1: Ball 1-1: Fly out, F6 (Line Drive, 6, EV 70.0 MPH)
|
| Top of the 5th over - 0 runs, 0 hits, 0 errors, 0 left on base; Reading 1 - Pensacola 0 |
| BOTTOM OF THE 5TH |
|
Pensacola Blue Wahoos batting - Pitching for Reading Fightin Phils : LHP Tim Lawson
|
|
Batting: LHB John Wagner
|
0-0: Ball 1-0: Ball 2-0: Ground out 3-1 (Groundball, 34, EV 87.5 MPH)
|
|
Batting: RHB Dinand Brouwer
|
0-0: Called Strike 0-1: Ball 1-1: Swinging Strike 1-2: Ball 2-2: SOLO HOME RUN (Flyball, 78XD, EV 105.6 MPH), Distance : 414 ft
|
|
Batting: RHB Ryan Short
|
0-0: Ball 1-0: Ground out 6-3 (Groundball, 6S, EV 88.8 MPH)
|
|
Batting: RHB Solange Le Coq
|
0-0: Ball 1-0: Called Strike 1-1: Foul Ball, location: 2F 1-2: Foul Ball, location: 2F 1-2: Ground out 6-3 (Groundball, 6, EV 108.8 MPH)
|
| Bottom of the 5th over - 1 run, 1 hit, 0 errors, 0 left on base; Reading 1 - Pensacola 1 |
| TOP OF THE 6TH |
|
Reading Fightin Phils batting - Pitching for Pensacola Blue Wahoos : LHP Mark Sandoval
|
|
Batting: RHB Alberto Ramirez
|
0-0: Swinging Strike 0-1: Called Strike 0-2: Hit by Pitch
|
|
Pinch Runner at 1st John Manocchio:
|
|
|
Batting: RHB Chris Myers
|
0-0: Fly out, F7 (Flyball, 7LMF, EV 101.9 MPH)
|
|
Batting: RHB Greg Herzig
|
0-0: Ball 1-0: Foul Ball, location: 2F 1-1: Called Strike 1-2: Ball 2-2: Ball 3-2: Base on Balls John Manocchio to second
|
|
Pitching: LHP Jerry Nero
|
|
|
Batting: RHB Victor Arroyo
|
0-0: Called Strike 0-1: Ball 1-1: Ball 2-1: Ball 3-1: Base on Balls John Manocchio to third Greg Herzig to second
|
|
Batting: RHB Guan-pei Gao
|
0-0: Called Strike 0-1: Ball 1-1: Foul Ball, location: 2F 1-2: SINGLE (Line Drive, 4MD, EV 98.1 MPH) John Manocchio scores Greg Herzig to third Victor Arroyo to second
|
|
Batting: RHB David Clough
|
0-0: Ball 1-0: Foul Ball, location: 2F 1-1: Swinging Strike 1-2: Ball 2-2: Strikes out swinging
|
|
Batting: RHB Mike Meeker
|
0-0: Ball 1-0: Fly out, F9 (Flyball, 9, EV 87.5 MPH)
|
| Top of the 6th over - 1 run, 1 hit, 0 errors, 3 left on base; Reading 2 - Pensacola 1 |
| BOTTOM OF THE 6TH |
|
Pensacola Blue Wahoos batting - Pitching for Reading Fightin Phils : LHP Tim Lawson
|
|
Now in LF: Victor Arias
|
|
|
Now in RF: Guan-pei Gao
|
|
|
Batting: RHB Kevin Wick
|
0-0: Called Strike 0-1: Ball 1-1: Fly out, F4 (Popup, 4, EV 65.6 MPH)
|
|
Batting: LHB Jamie Spangenberg
|
0-0: Ball 1-0: Foul Ball, location: 2F 1-1: Ball 2-1: Ball 3-1: Base on Balls
|
|
Batting: RHB Jonathan Robies
|
0-0: Foul Ball, location: 2F 0-1: Fly out, F8 (Flyball, 8LD, EV 98.8 MPH)
|
|
Batting: RHB Jose Nunez
|
0-0: Called Strike 0-1: Ball 1-1: Ball 2-1: Foul Ball, location: 2F 2-2: Ball 3-2: Foul Ball, location: 2F 3-2: Foul Ball, location: 2F 3-2: SINGLE (Line Drive, 34D, EV 98.1 MPH) Jamie Spangenberg to second Jamie Spangenberg to third
|
|
Pitching: RHP Dustin Greaves
|
|
|
Batting: RHB Mark Williams
|
0-0: Called Strike 0-1: Ball 1-1: Ball 2-1: Fielders Choice at 2nd, 6-4 (Groundball, 56D, EV 90.0 MPH)
|
| Bottom of the 6th over - 0 runs, 1 hit, 0 errors, 2 left on base; Reading 2 - Pensacola 1 |
| TOP OF THE 7TH |
|
Reading Fightin Phils batting - Pitching for Pensacola Blue Wahoos : LHP Jerry Nero
|
|
Batting: RHB Jake Cox
|
0-0: Called Strike 0-1: Foul Ball, location: 2F 0-2: Foul Ball, location: 2F 0-2: SOLO HOME RUN (Flyball, 7D, EV 97.5 MPH), Distance : 388 ft
|
|
Batting: RHB Mike Bell
|
0-0: Ball 1-0: Ground out 5-3 (Groundball, 56S, EV 83.8 MPH)
|
|
Batting: RHB Victor Arias
|
0-0: Ball 1-0: Foul Ball, location: 2F 1-1: Ball 2-1: Swinging Strike 2-2: Fly out, F8 (Flyball, 8RD, EV 103.8 MPH)
|
|
Batting: RHB Chris Myers
|
0-0: Ball 1-0: Foul Ball, location: 2F 1-1: Ball 2-1: Foul Ball, location: 2F 2-2: SOLO HOME RUN (Flyball, 7D, EV 96.2 MPH), Distance : 385 ft
|
|
Batting: RHB Greg Herzig
|
0-0: Ball 1-0: Foul Ball, location: 2F 1-1: Fly out, F4 (Line Drive, 4, EV 67.5 MPH)
|
| Top of the 7th over - 2 runs, 2 hits, 0 errors, 0 left on base; Reading 4 - Pensacola 1 |
| BOTTOM OF THE 7TH |
|
Pensacola Blue Wahoos batting - Pitching for Reading Fightin Phils : RHP Dustin Greaves
|
|
Batting: LHB John Wagner
|
0-0: Ground out 4-3 (Groundball, 4D, EV 107.5 MPH)
|
|
Batting: RHB Dinand Brouwer
|
0-0: Ground out U3 (Groundball, 34, EV 105.6 MPH)
|
|
Batting: RHB Ryan Short
|
0-0: Called Strike 0-1: Called Strike 0-2: Ball 1-2: Ball 2-2: Strikes out looking
|
| Bottom of the 7th over - 0 runs, 0 hits, 0 errors, 0 left on base; Reading 4 - Pensacola 1 |
| TOP OF THE 8TH |
|
Reading Fightin Phils batting - Pitching for Pensacola Blue Wahoos : LHP Jerry Nero
|
|
Pitching: LHP Brian Whittall
|
|
|
Batting: RHB Victor Arroyo
|
0-0: Foul Ball, location: 2F 0-1: Called Strike 0-2: Ball 1-2: Fly out, F4 (Popup, 13, EV 71.2 MPH)
|
|
Batting: RHB Guan-pei Gao
|
0-0: Ball 1-0: Reached on error, E1 (Groundball, 15S, EV 66.9 MPH)
|
|
Batting: RHB David Clough
|
0-0: Ball 1-0: Foul Ball, location: 2F 1-1: Foul Ball, location: 2F 1-2: Foul Ball, location: 2F 1-2: Ball 2-2: Strikes out swinging
|
|
Batting: RHB Mike Meeker
|
0-0: Ball 1-0: Swinging Strike 1-1: Swinging Strike 1-2: Strikes out swinging
|
| Top of the 8th over - 0 runs, 0 hits, 1 error, 1 left on base; Reading 4 - Pensacola 1 |
| BOTTOM OF THE 8TH |
|
Pensacola Blue Wahoos batting - Pitching for Reading Fightin Phils : RHP Dustin Greaves
|
|
Batting: RHB Solange Le Coq
|
0-0: Ball 1-0: Ball 2-0: Called Strike 2-1: Called Strike 2-2: Ground out 1-3 (Groundball, P, EV 70.0 MPH)
|
|
Batting: RHB Kevin Wick
|
0-0: Swinging Strike 0-1: Foul Ball, location: 2F 0-2: Strikes out swinging
|
|
Batting: LHB Jamie Spangenberg
|
0-0: Ball 1-0: Called Strike 1-1: Foul Ball, location: 2F 1-2: Ball 2-2: Foul Ball, location: 2F 2-2: Ground out 6-3 (Groundball, 6, EV 104.4 MPH)
|
| Bottom of the 8th over - 0 runs, 0 hits, 0 errors, 0 left on base; Reading 4 - Pensacola 1 |
| TOP OF THE 9TH |
|
Reading Fightin Phils batting - Pitching for Pensacola Blue Wahoos : LHP Brian Whittall
|
|
Pitching: RHP Dave Kurtz
|
|
|
Batting: RHB Jake Cox
|
0-0: Ball 1-0: Foul Ball, location: 2F 1-1: Fly out, F4 (Popup, 34S, EV 77.5 MPH)
|
|
Batting: RHB Mike Bell
|
0-0: Swinging Strike 0-1: Ball 1-1: Ball 2-1: Ball 3-1: Foul Ball, location: 2F 3-2: Foul Ball, location: 2F 3-2: Ground out 6-3 (Groundball, 56, EV 104.4 MPH)
|
|
Batting: RHB Victor Arias
|
0-0: Ball 1-0: Ball 2-0: Called Strike 2-1: SINGLE (Groundball, 25, EV 72.5 MPH) (infield hit)
|
|
Batting: RHB Chris Myers
|
0-0: Ball Victor Arias steals 2nd base 1-0: Ball 2-0: Called Strike 2-1: Ball 3-1: Fly out, F2 (Popup, 25F, EV 84.4 MPH)
|
| Top of the 9th over - 0 runs, 1 hit, 0 errors, 1 left on base; Reading 4 - Pensacola 1 |
| BOTTOM OF THE 9TH |
|
Pensacola Blue Wahoos batting - Pitching for Reading Fightin Phils : RHP Dustin Greaves
|
|
Pitching: RHP Jeremy Mitchem
|
|
|
Batting: RHB Jonathan Robies
|
0-0: Foul Ball, location: 2F 0-1: Called Strike 0-2: Strikes out swinging
|
|
Batting: RHB Jose Nunez
|
0-0: Ground out 5-3 (Groundball, 56S, EV 82.5 MPH)
|
|
Batting: RHB Mark Williams
|
0-0: Ball 1-0: Called Strike 1-1: Swinging Strike 1-2: Ball 2-2: Strikes out swinging
|
| Bottom of the 9th over - 0 runs, 0 hits, 0 errors, 0 left on base; Reading 4 - Pensacola 1 |
|